Map: Dusk Towers

Players

LiquidBunny (Bunny) - Winner!

  • Race: Terran Terran
  • League: Grandmaster

HeroMarine

  • Race: Terran Terran
  • League: Grandmaster

Event: Homestory Cup XII

VOD

Have the link to the VOD?

Description

Time

  • Played on: Dec. 19, 2015, 10:34 a.m.
  • Length: 22:34

All games in this series

Show
View Real Time Build Order
Export as new Build Order

LiquidBunny Terran - Winner!

Build Orders: Reaper Expand, Bio Tank 

Get SALT Encoding   

  12  0:00  SCV  
  13  0:13  SCV  
  14  0:17  Supply Depot  
  14  0:25  SCV  
  15  0:38  SCV  
  15  0:40  Barracks  
  16  0:43  Refinery  
  16  0:50  SCV  
  17  1:03  SCV  
  18  1:16  SCV  
  19  1:28  Reaper, Orbital Command  
  20  1:41  Command Center  
  20  1:47  Refinery  
  20  1:52  Supply Depot  
  20  1:55  SCV  
  20  1:59  Marine  
  22  2:07  SCV  
  23  2:12  Factory  
  23  2:17  Marine  
  23  2:20  SCV  
  25  2:32  SCV  
  25  2:35  Barracks Reactor  
  26  2:44  SCV  
  27  2:54  Orbital Command  
  27  2:56  SCV  
  28  3:04  Factory Tech Lab, Starport  
  27  3:08  SCV  
  27  3:13  Marine x2  
  28  3:20  SCV x2  
  28  3:23  Hellion  
  31  3:31  Marine x2  
  31  3:32  SCV x2  
  31  3:44  SCV  
  31  3:45  SCV  
  31  3:46  Medivac  
  35  3:49  Cyclone  
  35  3:51  Marine  
  35  3:53  Marine  
  40  3:56  SCV  
  40  3:57  SCV  
  40  4:00  Supply Depot  
  42  4:08  SCV, Marine  
  42  4:09  SCV  
  45  4:11  Marine  
  45  4:16  Supply Depot  
  46  4:21  SCV x2, Siege Tank  
  51  4:26  Supply Depot  
  51  4:28  Marine  
  51  4:29  Supply Depot, Marine  
  53  4:33  SCV  
  53  4:37  SCV, Viking  
  57  4:45  SCV  
  57  4:50  Command Center, SCV  
  59  4:53  Marine  
  59  4:58  SCV  
  60  5:02  SCV  
  52  5:07  Siege Tank  
  52  5:08  Barracks  
  52  5:09  Barracks  
  52  5:11  SCV  
  52  5:14  SCV  
  57  5:16  Refinery  
  57  5:18  Refinery  
  57  5:23  SCV  
  57  5:26  SCV, Starport Reactor  
  59  5:31  Engineering Bay  
  59  5:33  Engineering Bay  
  59  5:35  SCV  
  60  5:38  SCV  
  60  5:39  Siege Tank  
  64  5:47  SCV  
  65  5:50  SCV  
  65  5:51  Marine  
  65  5:52  Marine  
  65  5:55  Barracks Tech Lab  
  68  5:59  SCV, Barracks Tech Lab  
  68  6:00  Barracks  
  68  6:02  SCV, Orbital Command  
  68  6:03  Barracks  
  70  6:05  Terran Infantry Weapons Level 1  
  70  6:07  Terran Infantry Armor Level 1  
  70  6:09  Marine x2  
  72  6:16  Marine  
  72  6:17  Stimpack  
  72  6:18  Combat Shields  
  73  6:20  Marine  
  74  6:27  Marine, Orbital Command  
  74  6:28  Marine  
  74  6:30  SCV  
  77  6:34  SCV, Marine  
  77  6:38  Marine  
  80  6:42  SCV, Siege Tank  
  80  6:45  Marine  
  80  6:46  Factory  
  85  6:48  SCV, Refinery  
  85  6:50  Medivac  
  85  6:54  SCV x2  
  90  6:55  Refinery  
  90  6:58  Barracks Reactor, Supply Depot  
  90  7:00  Supply Depot, SCV  
  91  7:01  Supply Depot  
  91  7:06  SCV x2  
  93  7:11  Barracks Reactor  
  93  7:15  Armory  
  93  7:18  Supply Depot  
  93  7:20  SCV x2, Siege Tank  
  98  7:26  Medivac  
  100  7:31  SCV  
  100  7:32  Marine, Medivac  
  100  7:33  Marine x3  
  100  7:35  Factory Tech Lab, Supply Depot  
  100  7:36  SCV  
  100  7:37  SCV  
  109  7:41  Supply Depot  
  109  7:43  SCV  
  110  7:46  Marine  
  110  7:47  Marine  
  110  7:48  Supply Depot, SCV  
  110  7:49  SCV  
  110  7:50  Marine x2  
  116  7:54  Marine x2  
  116  7:56  SCV  
  119  7:58  Siege Tank x2  
  119  8:00  Medivac  
  119  8:01  SCV  
  119  8:02  Medivac  
  119  8:05  Marine x2  
  129  8:09  SCV  
  129  8:10  SCV, Sensor Tower  
  131  8:13  Terran Vehicle Weapons Level 1  
  131  8:14  SCV, Supply Depot  
  131  8:16  Supply Depot, Marine x2  
  131  8:19  Marine x2  
  136  8:21  Marine  
  136  8:23  SCV  
  138  8:27  Marine x2  
  138  8:30  Siege Tank  
  138  8:31  Factory, Medivac  
  145  8:35  Marine x2  
  145  8:37  Marine x2  
  150  8:46  Marine  
  151  8:48  Command Center, Sensor Tower  
  151  8:49  Siege Tank  
  151  8:51  Medivac  
  151  8:54  Marine  
  151  8:55  Marine  
  157  8:59  Marine  
  157  9:00  Supply Depot  
  157  9:02  Supply Depot, Medivac  
  158  9:08  Supply Depot, Marine  
  160  9:10  Marine  
  160  9:11  Marine  
  162  9:17  Siege Tank  
  167  9:26  Supply Depot, Terran Infantry Weapons Level 2  
  167  9:27  Terran Infantry Armor Level 2  
  167  9:28  Marine x2  
  167  9:29  Marine x2  
  169  9:32  Marine x4  
  169  9:34  Factory Tech Lab  
  173  9:45  Medivac, Marine x2  
  173  9:46  Medivac  
  173  9:47  Marine x2  
  173  9:50  Marine x3  
  173  9:52  Marine  
  183  9:59  Siege Tank  
  186  10:03  Marine x2  
  186  10:05  Marine  
  189  10:13  Marine  
  190  10:15  Medivac  
  190  10:16  Medivac  
  190  10:19  Marine  
  190  10:20  Marine x2  
  197  10:28  Marine x2  
  197  10:31  Marine  
  197  10:34  Marine  
  170  10:38  Marine x2  
  170  10:41  Planetary Fortress  
  166  10:45  Siege Tank, Marine x2  
  166  10:47  Marine x2  
  166  10:49  Marine  
  172  10:52  Marine  
  172  10:53  Siege Tank  
  172  10:54  Siege Tank, Barracks  
  172  10:55  Barracks, Marine  
  172  10:56  Marine  
  181  10:57  Barracks  
  181  11:00  Refinery  
  181  11:02  Terran Vehicle Weapons Level 2  
  181  11:03  Marine x2  
  183  11:05  Marine x2  
  183  11:07  Marine  
  183  11:09  Refinery, Marine  
  187  11:13  Marine x2  
  187  11:17  Siege Tank  
  192  11:20  Marine  
  192  11:21  Marine  
  191  11:26  Siege Tank, Marine x2  
  191  11:29  Marine  
  191  11:30  Marine  
  191  11:32  Siege Tank, Marine x2  
  197  11:38  Marine x2  
  199  11:43  Marine  
  200  11:50  Terran Infantry Weapons Level 3  
  200  11:58  Siege Tank  
  180  12:01  Marine  
  180  12:02  Marine  
  180  12:04  Siege Tank, Marine x2  
  180  12:05  Marine x2  
  180  12:07  Siege Tank, Marine x3  
  180  12:08  Marine x2  
  172  12:19  Marine x2  
  172  12:21  Marine  
  172  12:22  Marine  
  176  12:23  Command Center, Marine x2  
  176  12:25  Marine x3  
  176  12:26  Marine x2  
  182  12:30  Siege Tank  
  182  12:36  Siege Tank  
  188  12:37  Marine x2, Medivac  
  188  12:39  Siege Tank, Marine x2  
  188  12:40  Marine x2  
  188  12:43  Marine  
  200  13:03  Command Center, Marine  
  199  13:07  Siege Tank  
  199  13:10  Siege Tank  
  198  13:14  Marine x2  
  200  13:26  Marine  
  194  13:32  Siege Tank  
  197  13:35  Medivac  
  199  13:53  Refinery  
  199  13:55  Marine  
  200  13:57  Refinery  
  200  14:22  Marine x2  
  200  14:23  Marine  
  150  14:26  Marine x2  
  150  14:30  Marine  
  150  14:31  Marine x2  
  146  14:37  Siege Tank x2, Marine x2  
  146  14:38  Marine  
  139  14:39  Siege Tank  
  139  14:40  Marine x2  
  139  14:41  Marine  
  139  14:43  Marine x2  
  147  14:48  Marine, Medivac x2  
  147  14:49  Planetary Fortress, Marine x2  
  152  14:53  Command Center  
  152  14:55  Marine x2  
  152  14:56  Marine  
  152  14:57  Orbital Command  
  152  14:58  Marine x2  
  152  14:59  Marine  
  158  15:01  Marine x2  
  158  15:06  Marine  
  158  15:07  Marine x2  
  161  15:09  Siege Tank x2  
  161  15:11  Siege Tank  
  161  15:13  Marine x3  
  175  15:15  Marine x2  
  175  15:16  Marine  
  175  15:18  Medivac  
  175  15:19  Marine x2  
  182  15:24  Marine x2  
  184  15:34  Marine x2  
  186  15:41  Siege Tank  
  186  15:42  Siege Tank  
  192  15:45  Siege Tank  
  193  16:05  Marine x2  
  156  16:13  Siege Tank  
  156  16:17  Siege Tank x2, Marine x5  
  156  16:18  Marine x4  
  168  16:23  Marine x2  
  170  16:31  Medivac  
  170  16:32  Medivac  
  174  16:35  Marine x6  
  180  16:42  Factory  
  180  16:46  Factory, Siege Tank  
  183  16:47  Refinery  
  183  16:48  Planetary Fortress  
  183  16:49  Siege Tank  
  183  16:51  Marine  
  183  16:52  Refinery, Marine  
  188  16:54  Marine  
  188  16:57  Marine  
  188  16:58  Marine  
  191  17:04  Siege Tank  
  186  17:09  Terran Vehicle Weapons Level 3  
  186  17:17  Marine x2  
  188  17:30  Siege Tank  
  188  17:31  Command Center  
  191  17:41  Marine  
  191  17:42  Marine  
  191  17:43  Marine  
  170  17:45  Marine x2  
  170  17:46  Siege Tank  
  170  17:50  Marine x2  
  160  17:52  Marine x2  
  159  17:59  Marine x4  
  159  18:01  Siege Tank, Marine  
  159  18:03  Factory Tech Lab x2, Marine x2  
  159  18:04  Medivac  
  171  18:07  Marine  
  171  18:08  Marine  
  171  18:10  Marine x2  
  175  18:16  Siege Tank  
  175  18:17  Marine x4  
  175  18:18  Siege Tank  
  185  18:23  Marine  
  185  18:25  Marine  
  185  18:26  Siege Tank  
  190  18:36  Siege Tank  
  190  18:38  Marine x2  
  191  18:42  Marine x2  
  191  18:43  Marine x2  
  191  18:45  Marine  
  191  18:46  Siege Tank  
  183  18:48  Siege Tank  
  183  18:54  Siege Tank  
  187  18:56  Marine x2  
  189  19:05  Siege Tank  
  189  19:08  Siege Tank  
  195  19:18  Siege Tank  
  188  19:33  Siege Tank x2  
  188  19:37  Marine x2  
  196  19:42  Marine  
  196  19:43  Marine x2  
  195  19:51  Marine x2  
  197  20:03  Siege Tank  
  197  20:06  Barracks Reactor x2  
  200  20:07  Planetary Fortress  
  197  20:17  Marine  
  197  20:18  Marine x2  
  197  20:19  Marine x2  
  197  20:20  Siege Tank x2, Marine x2  
  169  20:21  Marine  
  169  20:22  Marine  
  169  20:23  Siege Tank x2  
  169  20:35  Siege Tank, Marine  
  168  20:36  Marine x2  
  168  20:37  Marine x2  
  168  20:38  Marine x2  
  168  20:39  Marine x2  
  168  20:40  Terran Vehicle And Ship Armor Level 1  
  180  20:43  Marine x2  
  182  20:52  Siege Tank x2, Marine  
  182  20:53  Marine x2  
  182  20:54  Marine x3  
  182  20:55  Siege Tank x2  
  200  21:00  Marine  
  200  21:01  Marine x2  
  200  21:03  Marine x2  
  183  21:07  Siege Tank  
  183  21:08  Marine  
  183  21:10  Marine x2  
  187  21:12  Marine x2  
  188  21:23  Command Center  
  188  21:24  Siege Tank x2, Marine  
  188  21:25  Marine  
  196  21:27  Siege Tank  
  196  21:31  Marine  
Show
View Real Time Build Order
Export as new Build Order

HeroMarine Terran 

Build Orders: Reaper Expand, Bio Tank 

Get SALT Encoding   

  12  0:00  SCV  
  13  0:12  SCV  
  14  0:17  Supply Depot  
  14  0:25  SCV  
  15  0:39  SCV  
  15  0:40  Barracks  
  16  0:43  Refinery  
  16  0:51  SCV  
  17  1:03  SCV  
  18  1:15  SCV  
  19  1:28  Reaper, Orbital Command  
  20  1:42  Command Center  
  20  1:52  Supply Depot  
  20  1:54  SCV  
  20  2:00  Reaper  
  22  2:06  SCV  
  23  2:18  SCV  
  23  2:22  Factory  
  24  2:30  SCV  
  25  2:41  Barracks Reactor  
  25  2:43  Command Center, SCV  
  26  2:55  SCV, Orbital Command  
  27  3:07  SCV  
  27  3:11  Hellion  
  30  3:13  Refinery  
  30  3:19  SCV, Marine x2  
  32  3:22  Starport  
  33  3:31  SCV  
  33  3:37  Marine  
  33  3:38  Marine  
  33  3:40  SCV  
  35  3:43  SCV  
  35  3:46  Factory Tech Lab  
  36  3:51  Refinery  
  36  3:52  SCV  
  36  3:55  SCV, Marine x2, Orbital Command  
  38  3:59  Viking  
  42  4:04  Engineering Bay  
  42  4:08  SCV x2  
  44  4:13  Marine x2  
  44  4:16  Siege Tank  
  49  4:21  SCV x3  
  52  4:29  Viking  
  52  4:31  Marine  
  54  4:33  SCV  
  54  4:34  Supply Depot  
  54  4:35  Supply Depot  
  56  4:39  Marine  
  56  4:40  SCV x2  
  56  4:45  SCV  
  60  4:56  Siege Tank, Barracks  
  60  4:58  Barracks  
  60  4:59  SCV x2  
  65  5:01  SCV  
  66  5:11  SCV x2  
  66  5:12  Starport Reactor  
  66  5:13  SCV  
  69  5:17  Missile Turret  
  69  5:18  Missile Turret  
  69  5:22  Barracks Tech Lab  
  69  5:23  SCV x2  
  69  5:24  Engineering Bay  
  69  5:25  SCV  
  72  5:28  Refinery  
  72  5:33  Siege Tank  
  75  5:36  Supply Depot  
  75  5:38  Supply Depot  
  75  5:44  Stimpack  
  75  5:45  Barracks Reactor  
  75  5:46  Barracks  
  75  5:47  Orbital Command  
  75  5:50  Barracks  
  75  5:54  SCV x2  
  75  5:55  Terran Infantry Weapons Level 1  
  75  5:56  Terran Infantry Armor Level 1  
  77  5:59  Marine  
  77  6:00  Marine  
  77  6:01  Marine  
  80  6:11  SCV x2  
  80  6:13  Starport Reactor  
  80  6:14  SCV  
  80  6:17  Marine  
  80  6:18  Marine  
  84  6:20  Supply Depot  
  84  6:21  Supply Depot  
  84  6:22  Supply Depot, Siege Tank  
  84  6:23  SCV x2  
  84  6:24  Marine x2  
  92  6:28  Marine  
  92  6:29  Missile Turret  
  93  6:33  Missile Turret  
  93  6:38  Barracks Reactor x2  
  93  6:41  SCV x2, Marine  
  93  6:42  SCV  
  93  6:43  Supply Depot  
  93  6:44  Supply Depot  
  97  6:51  Factory, Refinery x2  
  97  6:54  SCV x3  
  99  6:56  Medivac  
  99  6:57  Medivac  
  99  7:00  Marine x2  
  106  7:01  Marine x2  
  106  7:02  Marine  
  106  7:03  Marine  
  110  7:08  SCV x2  
  110  7:09  Marine  
  113  7:16  SCV  
  113  7:18  Armory, Marine x3  
  113  7:20  SCV  
  113  7:21  SCV  
  119  7:23  Supply Depot x2  
  119  7:25  Supply Depot  
  119  7:26  Supply Depot  
  119  7:27  Medivac  
  119  7:29  Medivac  
  123  7:32  Siege Tank  
  126  7:39  Factory Tech Lab, Marine  
  126  7:40  Marine x2  
  126  7:41  Marine x2  
  131  7:45  Supply Depot  
  131  7:46  Combat Shields  
  131  7:49  Sensor Tower, Marine x3  
  131  7:50  Marine  
  134  7:58  Marine  
  134  7:59  Marine x2  
  134  8:00  Siege Tank  
  134  8:03  Supply Depot, Marine x2  
  134  8:04  Siege Tank  
  145  8:07  Terran Infantry Weapons Level 2  
  145  8:10  Marine x4  
  149  8:13  Terran Infantry Armor Level 2  
  149  8:16  Marine x2  
  151  8:21  Marine, Terran Vehicle Weapons Level 1  
  151  8:22  Marine  
  153  8:28  Missile Turret  
  153  8:32  Missile Turret x2  
  153  8:33  Missile Turret  
  153  8:35  Siege Tank  
  153  8:36  Supply Depot  
  153  8:37  Supply Depot, Medivac  
  153  8:40  Medivac  
  153  8:41  Marine x2  
  161  8:43  Marine  
  166  8:49  Siege Tank  
  169  8:57  Command Center  
  166  9:04  Marine x2  
  168  9:10  Marine x2  
  168  9:11  Marine x2  
  168  9:13  Barracks  
  168  9:14  Barracks  
  168  9:15  Marine x3  
  171  9:17  Siege Tank  
  171  9:21  Medivac x2  
  171  9:22  Marine x2  
  180  9:30  Marine x2  
  182  9:33  Marine  
  182  9:34  Marine  
  184  9:41  Marine x4  
  184  9:42  Marine  
  184  9:44  Factory  
  189  9:56  Barracks  
  187  10:10  Barracks Reactor x2  
  187  10:14  Command Center  
  187  10:16  Barracks  
  187  10:18  Terran Vehicle Weapons Level 2  
  184  10:31  Terran Infantry Weapons Level 3, Terran Infantry Armor Level 3, Marine  
  184  10:32  Marine x4  
  184  10:33  Marine x3  
  128  10:37  Marine  
  128  10:39  Factory Tech Lab, Siege Tank x2  
  128  10:40  Medivac x2  
  123  10:43  Planetary Fortress  
  123  10:44  Marine  
  123  10:47  Marine  
  123  10:48  Marine x3  
  123  10:49  Marine x2  
  127  10:50  Marine x3  
  127  10:53  Marine x3  
  127  10:54  Marine  
  135  11:01  Siege Tank  
  135  11:02  Marine  
  139  11:05  Marine x2  
  139  11:06  Marine x2  
  139  11:07  Marine x3  
  139  11:08  Marine  
  139  11:09  Marine  
  148  11:11  Siege Tank  
  148  11:13  Marine x2  
  148  11:14  Siege Tank, Marine  
  157  11:19  Sensor Tower  
  157  11:26  Marine x2  
  157  11:27  Marine  
  157  11:28  Marine x2  
  157  11:29  Marine  
  157  11:30  Marine  
  157  11:31  Marine  
  155  11:34  Marine x3  
  158  11:46  Siege Tank  
  161  11:53  Marine  
  157  11:55  Marine  
  157  11:59  Siege Tank, Marine  
  133  12:03  Marine x2  
  133  12:04  Marine  
  133  12:06  Marine x2  
  129  12:08  Marine  
  129  12:09  Marine  
  129  12:15  Siege Tank  
  134  12:18  Siege Tank  
  134  12:20  Planetary Fortress  
  137  12:27  Marine x2  
  139  12:30  Marine  
  139  12:32  Siege Tank  
  143  12:41  Marine x3  
  143  12:42  Marine x4  
  150  12:45  Marine  
  150  12:49  Marine x2  
  153  12:51  Siege Tank  
  153  12:55  Marine x3  
  153  12:57  Marine  
  160  12:59  Marine x3  
  150  13:07  Marine x3  
  150  13:11  Marine x2  
  150  13:12  Marine  
  158  13:13  Medivac  
  158  13:14  Medivac  
  158  13:16  Marine x2  
  158  13:18  Marine  
  151  13:27  Siege Tank  
  151  13:29  Marine  
  151  13:30  Marine  
  156  13:36  Siege Tank x2  
  156  13:37  Marine  
  156  13:38  Marine x3  
  156  13:39  Marine x2  
  168  13:41  Marine  
  168  13:42  Marine x5  
  168  13:46  Marine  
  168  13:48  Marine  
  176  13:53  Sensor Tower  
  176  13:55  Marine x2  
  176  13:56  Medivac x2  
  170  14:03  Marine x2  
  170  14:04  Marine x4  
  176  14:14  Siege Tank  
  179  14:18  Marine x2  
  179  14:19  Marine x3  
  179  14:21  Siege Tank, Marine  
  179  14:22  Marine x2  
  179  14:23  Marine  
  137  14:31  Marine x2  
  137  14:33  Marine x2  
  137  14:34  Marine  
  137  14:35  Siege Tank  
  137  14:36  Marine x2  
  137  14:37  Marine x3  
  140  14:40  Marine x2  
  140  14:41  Marine x2  
  144  14:46  Siege Tank  
  144  14:49  Marine x2  
  144  14:51  Marine  
  144  14:52  Marine  
  148  14:53  Siege Tank  
  148  14:57  Marine x2  
  153  15:01  Marine x2  
  153  15:03  Marine x4  
  153  15:04  Marine x2  
  161  15:07  Siege Tank  
  161  15:10  Marine x2  
  161  15:11  Marine x2  
  162  15:15  Marine x2  
  162  15:18  Marine  
  162  15:19  Marine  
  162  15:20  Marine  
  162  15:21  Marine x2  
  167  15:25  Siege Tank  
  172  15:29  Command Center  
  172  15:32  Siege Tank  
  172  15:35  Marine  
  175  15:39  Marine x2  
  175  15:40  Marine x5  
  182  15:53  Siege Tank  
  182  15:54  Marine x2  
  187  15:57  Siege Tank  
  190  16:06  Marine  
  190  16:07  Marine  
  190  16:09  Marine x3  
  190  16:10  Marine x3  
  146  16:12  Marine  
  146  16:17  Marine x5  
  125  16:18  Siege Tank  
  125  16:24  Marine x2  
  130  16:25  Siege Tank  
  130  16:26  Marine  
  130  16:27  Marine x2  
  130  16:28  Marine, Medivac  
  130  16:29  Siege Tank, Marine  
  143  16:38  Marine x4  
  147  16:46  Marine x10  
  156  16:50  Siege Tank  
  160  16:56  Marine x2  
  160  16:58  Siege Tank  
  152  17:05  Marine  
  145  17:08  Marine x2  
  145  17:09  Marine x3  
  145  17:10  Siege Tank, Marine  
  145  17:12  Marine x2  
  145  17:13  Marine x2  
  145  17:15  Medivac x2  
  162  17:23  Siege Tank  
  162  17:26  Marine  
  162  17:27  Marine  
  167  17:30  Siege Tank  
  167  17:32  Planetary Fortress  
  167  17:35  Sensor Tower  
  167  17:36  Marine  
  171  17:41  Marine x2  
  171  17:44  Marine  
  128  17:45  Marine x2  
  128  17:46  Marine  
  128  17:48  Marine  
  128  17:49  Marine  
  128  17:50  Siege Tank  
  120  17:53  Marine x2  
  120  17:54  Marine x2  
  120  17:56  Marine x2  
  124  17:59  Marine  
  124  18:00  Siege Tank, Marine  
  124  18:02  Siege Tank, Marine  
  124  18:03  Marine x2  
  124  18:05  Marine  
  136  18:06  Marine, Medivac x2  
  136  18:09  Marine  
  136  18:11  Marine x2  
  136  18:12  Marine x2  
  145  18:13  Marine  
  145  18:19  Marine  
  148  18:20  Marine  
  148  18:22  Siege Tank, Marine  
  144  18:27  Marine x2  
  144  18:32  Siege Tank  
  149  18:35  Marine  
  149  18:36  Marine x3  
  151  18:41  Marine x3  
  151  18:43  Marine  
  151  18:45  Marine x2  
  151  18:46  Marine  
  151  18:47  Marine x3  
  132  18:53  Marine  
  132  18:54  Siege Tank, Marine  
  132  18:55  Marine x2  
  136  19:01  Refinery  
  136  19:02  Refinery  
  137  19:03  Marine  
  137  19:09  Marine x2  
  140  19:10  Marine  
  140  19:11  Marine  
  140  19:12  Marine x4  
  140  19:13  Marine  
  140  19:15  Marine  
  140  19:16  Marine  
  149  19:27  Marine  
  149  19:30  Marine x2  
  152  19:34  Marine x3  
  152  19:35  Marine  
  156  19:41  Marine x2  
  156  19:42  Marine x2  
  160  19:46  Siege Tank  
  160  19:47  Marine x2  
  160  19:50  Marine x2  
  167  19:55  Marine  
  167  19:59  Marine x2  
  165  20:00  Marine x2  
  165  20:01  Siege Tank x2, Marine x2  
  165  20:02  Marine x2  
  178  20:09  Marine x2  
  177  20:17  Orbital Command  
  177  20:20  Marine  
  130  20:21  Marine x2  
  130  20:22  Marine  
  130  20:24  Marine x2  
  130  20:25  Marine x3  
  106  20:29  Marine x2  
  106  20:30  Marine  
  106  20:33  Siege Tank  
  111  20:38  Marine  
  111  20:39  Marine x2  
  111  20:41  Marine x2  
  115  20:47  Marine  
  115  20:49  Marine  
  116  20:50  Marine  
  116  20:51  Marine  
  116  20:56  Marine  
  96  21:05  Marine x2  
  96  21:07  Marine x2  
  96  21:09  Marine x5  
  96  21:10  Siege Tank  
  96  21:11  Marine x2  
  101  21:13  Siege Tank  
  101  21:15  Marine x3  
  109  21:23  Marine x2  
  109  21:25  Marine x2  
  112  21:26  Marine  
  112  21:27  Marine x4  
  112  21:29  Marine x2  
  112  21:30  Refinery  
  120  21:33  Marine x2  
  120  21:34  Marine  
  123  21:40  Marine  
  123  21:41  Marine  
  123  21:43  Marine x2  
  123  21:44  Marine x2  
  125  21:51  Marine  
  125  21:52  Siege Tank, Marine  
  125  21:53  Marine  
  131  21:59  Marine x2  
  133  22:05  Marine  
  133  22:06  Marine  
  133  22:07  Marine x2  
Tags
 
Add a new tag
Caveats
  • Supply blocks, unpowered buildings, or Contaminate may cause inaccurate times.
  • Supply counts are checked every 10 seconds.